Map: Realities Simulation LE

Players

Alebay

  • Race: Protoss Protoss
  • Spawn Location: 5:00

PiPuxD

  • Race: Terran Terran
  • League: Gold
  • Spawn Location: 3:00

MattBarry

  • Race: Zerg Zerg
  • League: Gold
  • Spawn Location: 6:00

Luixdesign

  • Race: Zerg Zerg
  • Spawn Location: 12:00

ChuCky

  • Race: Protoss Protoss
  • League: Platinum
  • Spawn Location: 11:00

pegasus

  • Race: Terran Terran
  • Spawn Location: 9:00

VOD

Have the link to the VOD?

Description

Time

  • Played on: Jan. 28, 2023, 12:34 a.m.
  • Length: 11:13
Show
View Real Time Build Order
Export as new Build Order

Alebay Protoss 

Build Orders: 1 Gate Expand, Blink Stalkers 

Get SALT Encoding   

  12  0:00  Probe  
  13  0:13  Probe  
  14  0:16  Pylon  
  14  0:25  Probe  
  15  0:37  Probe  
  15  0:38  Gateway  
  16  0:43  Assimilator  
  16  0:49  Probe  
  17  1:01  Probe  
  18  1:13  Probe  
  20  1:25  Probe  
  20  1:27  Cybernetics Core  
  20  1:33  Nexus  
  20  1:37  Probe  
  21  1:52  Probe  
  22  1:55  Pylon  
  22  2:07  Warp Gate (Chrono Boost)  
  22  2:10  Adept (Chrono Boost)  
  24  2:18  Probe  
  25  2:31  Probe  
  25  2:36  Stalker  
  28  2:44  Probe  
  28  2:45  Probe  
  30  2:58  Probe x2  
  32  3:06  Assimilator  
  32  3:10  Probe x2  
  34  3:14  Gateway  
  34  3:16  Twilight Council  
  34  3:23  Probe x2  
  36  3:35  Probe x2  
  36  3:36  Stalker  
  36  3:39  Blink (Chrono Boost)  
  40  3:46  Gateway  
  40  3:49  Pylon  
  40  3:51  Forge  
  40  3:53  Probe x2  
  42  4:02  Stalker  
  44  4:15  Assimilator  
  44  4:16  Stalker  
  46  4:19  Probe x2  
  48  4:24  Pylon, Assimilator  
  48  4:25  Protoss Ground Weapons Level 1 (Chrono Boost)  
  48  4:27  Pylon, Stalker  
  51  4:38  Probe x2  
  51  4:43  Stalker  
  54  4:50  Probe x2  
  56  4:58  Stalker x2  
  60  5:02  Probe x2  
  60  5:05  Pylon  
  62  5:09  Stalker  
  64  5:16  Pylon  
  64  5:18  Pylon  
  64  5:22  Stalker  
  64  5:23  Pylon, Stalker  
  68  5:35  Gateway  
  68  5:38  Gateway  
  68  5:42  Gateway  
  68  5:43  Gateway  
  68  5:46  Pylon, Stalker  
  68  5:47  Stalker  
  72  6:07  Stalker  
  70  6:27  Protoss Ground Armor Level 1 (Chrono Boost)  
  70  6:31  Stalker x4  
  78  6:50  Stalker x3  
  84  6:59  Nexus  
  84  7:00  Stalker  
  84  7:01  Stalker x3  
  92  7:12  Pylon  
  92  7:14  Pylon  
  92  7:32  Stalker x2  
  92  7:33  Stalker x5  
  106  7:38  Photon Cannon  
  106  7:41  Photon Cannon  
  106  7:43  Probe x2  
  108  7:55  Photon Cannon  
  108  7:58  Photon Cannon  
  108  8:02  Stalker  
  100  9:06  Stalker x6  
  106  9:23  Stalker  
  98  9:43  Stalker x4  
  98  9:44  Stalker x2  
  102  9:55  Stalker  
  102  9:59  Probe  
  105  10:12  Probe  
  106  10:24  Probe  
  101  10:36  Probe  
  74  10:49  Stalker x3  
  56  10:50  Stalker x4  
Show
View Real Time Build Order
Export as new Build Order

PiPuxD Terran 

Build Orders: 2 Factory, Reaper Expand, Mech 

Get SALT Encoding   

  12  0:00  SCV  
  13  0:12  SCV  
  14  0:17  Supply Depot  
  14  0:24  SCV  
  15  0:38  SCV  
  15  0:40  Barracks  
  16  0:44  Refinery  
  16  0:51  SCV  
  17  1:07  SCV  
  18  1:19  SCV  
  19  1:31  Orbital Command  
  19  1:32  Reaper  
  20  1:42  Command Center  
  20  1:56  Supply Depot  
  20  1:57  SCV  
  21  2:04  Barracks Reactor  
  21  2:09  SCV  
  22  2:21  SCV  
  23  2:24  Factory  
  23  2:34  SCV  
  24  2:51  SCV  
  25  3:07  SCV  
  25  3:09  Barracks Tech Lab  
  26  3:13  Factory  
  25  3:25  Refinery  
  25  3:28  Hellion x2  
  25  3:31  Orbital Command  
  29  3:35  SCV  
  30  3:47  SCV  
  31  3:55  Hellion x2  
  35  3:58  Supply Depot, SCV  
  35  3:59  SCV  
  37  4:07  Starport  
  37  4:10  SCV  
  37  4:11  SCV  
  39  4:17  Hellion x2  
  39  4:22  SCV  
  39  4:23  SCV, Refinery  
  47  4:25  Siege Tank  
  48  4:34  SCV, Engineering Bay  
  48  4:36  SCV  
  50  4:39  Refinery  
  50  4:42  Hellion x2  
  52  4:46  SCV  
  52  4:48  SCV  
  54  4:58  Supply Depot x2  
  54  5:04  SCV x2  
  54  5:18  Infernal Pre-Igniter  
  54  5:20  Starport Reactor, Hellion x2, Siege Tank  
  54  5:21  Command Center  
  61  5:26  Armory  
  61  5:33  SCV x2  
  59  5:45  SCV x2  
  60  5:58  SCV x2  
  60  6:03  Hellion x2, Siege Tank  
  69  6:10  SCV  
  70  6:15  Supply Depot x2, Terran Vehicle Weapons Level 1  
  70  6:16  Armory  
  70  6:19  Supply Depot  
  70  6:36  SCV x2  
  70  6:37  Medivac  
  74  6:41  Supply Depot  
  74  6:42  Supply Depot  
  74  6:43  Supply Depot  
  74  6:48  SCV x2  
  74  6:52  Siege Tank, Hellion x2  
  83  6:57  Orbital Command  
  83  7:00  SCV x2  
  85  7:02  Hellion x4  
  85  7:12  SCV x2  
  87  7:16  Factory  
  87  7:17  Terran Vehicle And Ship Armor Level 1  
  87  7:18  Factory x2  
  87  7:28  SCV x3  
  90  7:31  Refinery  
  90  7:32  Hellion, Refinery  
  90  7:33  Hellion, Siege Tank  
  97  7:40  SCV x2  
  97  7:41  SCV  
  100  7:44  Missile Turret  
  100  7:45  Missile Turret  
  100  7:52  SCV  
  100  7:53  SCV  
  96  8:13  Factory Tech Lab  
  96  8:14  Factory Tech Lab x2  
  96  8:18  Missile Turret  
  96  8:19  Missile Turret  
  96  8:22  Missile Turret  
  96  8:23  Missile Turret, Liberator x2  
  96  8:24  Terran Vehicle Weapons Level 2  
  102  8:31  SCV x3  
  105  8:40  Supply Depot, Thor x3  
  123  8:42  Supply Depot  
  123  8:55  Thor  
  123  9:05  Missile Turret  
  123  9:07  Missile Turret  
  123  9:08  Missile Turret  
  123  9:22  Command Center  
  119  9:34  Siege Tank x3  
  113  9:57  Siege Tank  
  113  9:59  Hellion x2  
  120  10:08  Siege Tank x3  
  126  10:36  Hellion x2  
  126  10:37  Siege Tank  
Show
View Real Time Build Order
Export as new Build Order

MattBarry Zerg 

Build Orders: Hatch First 

Get SALT Encoding   

  12  0:03  Drone  
  13  0:13  Overlord  
  13  0:22  Drone  
  14  0:31  Drone x2  
  16  0:51  Hatchery  
  15  0:57  Drone  
  15  0:58  Drone  
  15  1:01  Drone  
  18  1:06  Extractor  
  17  1:15  Drone  
  18  1:21  Spawning Pool  
  17  1:31  Drone  
  18  1:35  Drone  
  19  1:40  Overlord  
  19  1:51  Drone  
  20  2:09  Drone  
  20  2:11  Queen  
  20  2:12  Queen  
  20  2:13  Metabolic Boost  
  20  2:15  Drone  
  26  2:17  Drone  
  26  2:20  Drone  
  28  2:26  Zergling x4  
  30  2:38  Drone  
  30  2:39  Zergling x2  
  32  2:56  Drone x2  
  34  3:26  Extractor  
  33  3:27  Queen  
  33  3:32  Overlord x2  
  33  3:33  Overlord  
  35  3:34  Queen  
  35  3:35  Spore Crawler  
  35  3:37  Spore Crawler  
  32  4:18  Drone x5  
  32  4:19  Drone x9  
  32  4:20  Drone  
  47  4:31  Lair  
  47  4:32  Hatchery  
  47  4:33  Pneumatized Carapace  
  47  4:35  Extractor  
  47  4:36  Extractor  
  47  4:38  Drone x2  
  46  4:53  Roach Warren  
  46  4:59  Drone  
  47  5:00  Drone x3  
  49  5:10  Zergling x6  
  49  5:11  Zergling x4  
  54  5:15  Evolution Chamber, Drone  
  54  5:16  Evolution Chamber, Drone x4  
  57  5:42  Zerg Missile Weapons Level 1  
  57  5:43  Zerg Ground Armor Level 1, Glial Reconstitution  
  57  5:48  Roach x2  
  57  5:49  Roach x2, Overlord  
  65  5:50  Overlord x2  
  65  6:00  Queen  
  63  6:09  Roach x4  
  58  6:35  Queen, Drone x6  
  58  6:36  Drone x2  
  68  6:44  Extractor  
  68  6:46  Spore Crawler  
  66  6:56  Drone  
  66  6:57  Drone x7  
  74  7:04  Infestation Pit  
  73  7:08  Spire  
  72  7:18  Drone, Hydralisk Den  
  72  7:19  Drone x4  
  76  7:31  Hatchery  
  75  7:37  Extractor  
  75  7:39  Extractor  
  75  7:40  Drone x4  
  75  7:41  Drone x3  
  75  7:42  Drone  
  75  7:43  Drone  
  82  7:53  Muscular Augments  
  82  7:55  Zerg Missile Weapons Level 2  
  82  7:57  Zerg Melee Weapons Level 1  
  75  8:10  Hydralisk x2  
  75  8:11  Hydralisk x2  
  75  8:20  Queen  
  77  8:36  Hydralisk x5  
  77  8:38  Overlord  
  87  8:45  Drone x5  
  92  8:50  Hydralisk  
  94  9:02  Queen  
  94  9:04  Grooved Spines  
  94  9:05  Queen  
  98  9:15  Drone x6  
  98  9:16  Overlord x2  
  79  9:41  Corruptor x2  
  79  9:42  Corruptor x4  
  73  9:52  Hydralisk x3  
  71  9:53  Hydralisk  
  74  10:08  Hydralisk x3  
  74  10:09  Hydralisk  
  53  10:36  Hydralisk x2  
  53  10:39  Hatchery  
Show
View Real Time Build Order
Export as new Build Order

Luixdesign Zerg 

Build Orders: Hatch First 

Get SALT Encoding   

  12  0:02  Drone  
  13  0:10  Drone  
  14  0:19  Overlord  
  14  0:38  Drone x3  
  17  0:57  Hatchery  
  16  1:13  Spawning Pool  
  16  1:15  Extractor  
  14  1:19  Drone  
  14  1:21  Drone  
  16  1:26  Drone  
  17  1:34  Drone  
  18  1:41  Drone  
  18  1:45  Extractor  
  18  1:52  Drone  
  19  2:03  Overlord  
  19  2:05  Extractor  
  19  2:08  Queen  
  19  2:12  Queen  
  23  2:21  Drone x2  
  26  2:22  Drone  
  26  2:26  Extractor  
  26  2:29  Drone  
  27  2:33  Drone  
  27  2:37  Metabolic Boost  
  28  2:41  Drone  
  29  2:44  Extractor  
  29  2:51  Overlord  
  29  2:54  Drone x2  
  31  3:18  Drone  
  31  3:19  Drone x4  
  36  3:31  Lair  
  36  3:32  Drone  
  36  3:33  Drone x5  
  42  3:46  Zergling x2  
  42  3:47  Drone  
  44  3:48  Overlord  
  44  3:51  Extractor  
  44  3:52  Hatchery  
  42  4:02  Drone x2  
  44  4:03  Extractor  
  44  4:04  Extractor  
  44  4:09  Spore Crawler  
  41  4:14  Drone x3  
  41  4:15  Drone x3  
  47  4:23  Overlord  
  47  4:24  Drone  
  47  4:31  Spine Crawler  
  47  4:32  Zergling x4  
  47  4:38  Spine Crawler  
  47  4:43  Zergling x8  
  51  4:49  Spire  
  50  5:14  Drone x5  
  51  5:15  Drone x3  
  51  5:19  Extractor  
  51  5:20  Extractor  
  56  5:22  Spine Crawler  
  56  5:24  Drone x4  
  58  5:37  Drone x2  
  58  5:38  Drone  
  58  5:41  Drone x4  
  60  6:08  Overlord x2  
  60  6:20  Overlord x2  
  60  6:24  Overseer  
  60  6:37  Mutalisk x4  
  60  6:38  Mutalisk x8  
  84  6:40  Mutalisk  
  84  6:41  Mutalisk  
  88  7:00  Queen, Evolution Chamber  
  89  7:30  Overlord x4  
  89  7:38  Overlord x2  
  89  7:42  Zerg Melee Weapons Level 1  
  89  7:46  Zerg Flyer Weapons Level 1  
  75  8:28  Mutalisk x13  
  75  8:29  Mutalisk x3  
  103  8:59  Mutalisk x4  
  105  9:14  Overlord x4  
  105  9:16  Drone x5  
  110  10:02  Mutalisk x8  
  110  10:03  Mutalisk x3  
  132  10:19  Overlord  
  132  10:20  Overlord x2  
Show
View Real Time Build Order
Export as new Build Order

ChuCky Protoss 

Build Orders: Blink Stalkers 

Get SALT Encoding   

  12  0:01  Probe  
  13  0:13  Probe  
  14  0:25  Pylon  
  14  0:29  Probe  
  14  0:30  Assimilator  
  15  0:43  Probe  
  15  0:44  Gateway  
  16  0:55  Probe  
  17  1:07  Probe  
  18  1:12  Assimilator  
  18  1:18  Pylon  
  18  1:20  Probe  
  19  1:32  Probe  
  20  1:39  Cybernetics Core  
  20  1:44  Probe  
  21  1:56  Probe  
  22  2:05  Nexus  
  22  2:15  Warp Gate (Chrono Boost), Probe  
  23  2:20  Stalker  
  25  2:24  Gateway  
  25  2:34  Twilight Council  
  25  2:42  Probe  
  25  2:43  Shield Battery  
  26  2:57  Stalker  
  28  3:23  Blink  
  28  3:26  Stalker  
  30  3:28  Pylon  
  30  3:31  Probe (Chrono Boost)  
  30  3:32  Probe (Chrono Boost)  
  32  3:40  Pylon  
  33  3:43  Probe x2 (Chrono Boost)  
  33  3:47  Probe x2 (Chrono Boost)  
  36  4:06  Stalker x2  
  40  4:16  Gateway  
  40  4:18  Gateway  
  40  4:19  Robotics Facility  
  40  4:26  Pylon  
  40  4:28  Probe x2  
  42  4:38  Pylon  
  42  4:44  Forge  
  42  4:52  Probe x2  
  44  4:55  Shield Battery  
  44  5:00  Assimilator  
  44  5:03  Assimilator  
  44  5:04  Probe (Chrono Boost)  
  46  5:09  Probe (Chrono Boost)  
  47  5:15  Pylon, Probe (Chrono Boost)  
  47  5:18  Probe (Chrono Boost)  
  47  5:19  Probe (Chrono Boost)  
  47  5:20  Pylon  
  49  5:23  Observer  
  51  5:31  Probe (Chrono Boost)  
  51  5:33  Probe (Chrono Boost)  
  52  5:38  Stalker x3  
  52  5:42  Stalker  
  61  5:44  Probe (Chrono Boost)  
  61  5:45  Observer  
  62  5:55  Photon Cannon  
  62  5:59  Photon Cannon  
  62  6:02  Probe  
  62  6:03  Probe  
  64  6:13  Templar Archives  
  64  6:14  Probe  
  65  6:20  Robotics Bay  
  65  6:21  Stargate, Stalker  
  67  6:26  Observer  
  68  6:40  Stalker  
  68  6:41  Stalker x2  
  74  7:03  Probe  
  75  7:11  High Templar x3  
  75  7:12  Psionic Storm  
  75  7:14  Stalker  
  83  7:42  Probe  
  84  7:47  Observer  
  84  8:03  Pylon  
  84  8:09  Colossus  
  84  8:13  Pylon  
  84  8:18  Extended Thermal Lance (Chrono Boost)  
  90  8:31  Stalker  
  90  8:32  Stalker  
  94  8:34  Zealot  
  94  8:35  Zealot  
  74  9:02  Stalker x4, Colossus  
  87  9:25  Stalker  
  87  9:27  Stalker  
  67  9:53  Stalker x2  
  67  9:54  Stalker x2  
  75  10:00  Colossus (Chrono Boost)  
  75  10:02  Gateway  
  75  10:05  Gateway x2  
  81  10:09  Gateway  
  81  10:13  Nexus  
  81  10:21  Stalker x4  
  85  10:25  Nexus  
  63  11:06  Stalker x4  
  63  11:07  Stalker x4  
Show
View Real Time Build Order
Export as new Build Order

pegasus Terran 

Build Orders:  

Get SALT Encoding   

  12  0:07  SCV  
  13  0:19  SCV  
  14  0:27  Supply Depot  
  14  0:31  SCV  
  14  0:35  Refinery  
  15  0:48  SCV  
  16  0:53  Barracks  
  16  1:00  SCV  
  17  1:12  SCV  
  18  1:24  SCV  
  19  1:37  SCV  
  20  1:40  Supply Depot  
  20  1:47  Factory  
  20  1:49  SCV  
  21  1:55  Refinery  
  21  2:01  SCV  
  22  2:07  Barracks Tech Lab  
  22  2:11  Supply Depot  
  22  2:13  SCV  
  23  2:25  SCV  
  23  2:29  Stimpack  
  24  2:30  Barracks, Marine  
  25  2:37  SCV  
  26  2:47  Marine  
  26  2:49  SCV  
  28  3:05  Factory Tech Lab  
  28  3:07  Marine  
  28  3:09  Orbital Command  
  28  3:12  Supply Depot  
  29  3:17  Marine  
  29  3:18  Starport  
  30  3:34  Supply Depot  
  30  3:52  Marine  
  30  3:53  Marine  
  32  4:00  Medivac  
  37  4:10  Marine, Siege Tank  
  37  4:16  Command Center  
  38  4:27  Marine  
  38  4:28  Marine  
  40  4:31  Medivac  
  40  4:36  Supply Depot, SCV  
  43  4:45  Siege Tank  
  46  4:48  SCV  
  46  4:49  Marine  
  46  4:51  Marine  
  49  5:00  SCV  
  49  5:02  Supply Depot  
  50  5:12  SCV  
  51  5:14  Barracks Reactor  
  51  5:15  Marauder  
  53  5:21  Refinery  
  53  5:22  Starport Reactor  
  53  5:24  SCV  
  54  5:29  Barracks  
  54  5:34  Siege Tank  
  57  5:36  SCV  
  57  5:41  Marine  
  59  5:45  SCV  
  59  5:48  SCV  
  61  5:59  Marine  
  62  6:10  Marine x2  
  64  6:12  Medivac  
  64  6:13  Medivac  
  64  6:17  Marine  
  68  6:25  Barracks Tech Lab  
  60  6:27  Siege Tank  
  56  6:33  Orbital Command  
  56  6:34  SCV  
  57  6:42  Marine, Marauder  
  57  6:43  Marine  
  57  6:46  SCV  
  62  6:48  Supply Depot  
  62  6:50  Concussive Shells  
  62  6:58  SCV  
  62  6:59  Siege Tank  
  62  7:01  Supply Depot  
  66  7:03  Marine, Marauder  
  66  7:04  Marine  
  66  7:06  Marauder  
  72  7:10  SCV  
  73  7:22  SCV  
  74  7:30  Marauder x2  
  74  7:31  Marine x2  
  74  7:34  Medivac x2  
  84  7:38  Siege Tank  
  84  7:42  Supply Depot  
  87  7:45  SCV x2  
  87  7:47  Supply Depot  
  87  7:51  Refinery  
  89  7:57  SCV x2  
  91  8:07  Marauder  
  91  8:08  Marine x2, Marauder  
  91  8:09  SCV  
  91  8:10  SCV  
  99  8:16  Barracks  
  99  8:18  Barracks  
  99  8:21  SCV  
  99  8:22  SCV  
  99  8:26  Supply Depot  
  101  8:30  Supply Depot  
  101  8:33  SCV  
  101  8:34  SCV  
  103  8:42  Marine x4  
  103  8:46  SCV x2  
  109  8:58  SCV x2  
  109  9:00  Marine x4  
  112  9:17  Marine  
  112  9:18  Marine  
  111  9:35  Barracks Tech Lab x2  
  111  9:36  Marauder x2  
  113  9:57  Marine x3, Marauder  
  113  9:58  Medivac x2  
  113  9:59  Siege Tank  
  123  10:27  Marauder x2  
  127  10:29  Marine x2, Marauder x2  
  132  10:37  Siege Tank  
  127  10:47  Marine  
  127  10:49  Marauder  
Tags
 
Add a new tag
Caveats
  • Supply blocks, unpowered buildings, or Contaminate may cause inaccurate times.
  • Supply counts are checked every 10 seconds.